 Dungeon Crawl Stone Soup version 0.31-a0-188-g5e087ee2ca (webtiles) character file.

Game seed: 18172806580243710978

6503 qw the Markself (level 10, -4/59 HPs)
             Began as a Deep Elf Hunter on June 23, 2023.
             Was an Initiate of Okawaru.
             Slain by a shadow (7 damage)
             ... on level 10 of the Dungeon.
             The game lasted 00:03:00 (6745 turns).

qw the Markself (Deep Elf Hunter)                   Turns: 6745, Time: 00:03:01

Health: -4/59      AC: 10    Str: 16    XL:     10   Next: 69%
Magic:  12/12      EV: 15    Int: 15    God:    Okawaru [......]
Gold:   502        SH:  0    Dex: 20    Spells: 9/9 levels left

rFire   . . .        Y - +3 longbow (freeze)
rCold   . . .        (shield currently unavailable)
rNeg    . . .        t - +0 swamp dragon scales
rPois   +            (no helmet)
rElec   .            c - +1 cloak
rCorr   .            m - +0 pair of gloves
SInv    .            (no boots)
Will    +....        a - amulet of faith
Stlth   +            p - +6 ring of strength
HPRegen 0.29/turn    (no ring)
MPRegen 0.13/turn

%: faith
@: about to teleport
A: no striking features
a: Renounce Religion


You were on level 10 of the Dungeon.
You worshipped Okawaru.
Okawaru was noncommittal.
You visited 2 branches of the dungeon, and saw 11 of its levels.
You also visited: Sewer.

You collected 502 gold pieces.


   Skills:
 - Level 5.0 Fighting
 - Level 18.0 Ranged Weapons
 - Level 2.4 Armour
 + Level 7.5 Dodging
 - Level 1.2 Stealth


You had 9 spell levels left.
You didn't know any spells.
Your spell library was empty.

Inventory:

Hand Weapons
 Y - a +3 longbow of freezing (weapon)
Armour
 c - a +1 cloak (worn)
 m - a +0 pair of gloves (worn)
 t - +0 swamp dragon scales (worn)
Jewellery
 a - an amulet of faith (around neck)
 e - an amulet of reflection
 f - a ring of ice
 p - a +6 ring of strength (left hand)
Scrolls
 g - a scroll of identify
 h - 2 scrolls of teleportation
Potions
 b - 2 potions of haste
 d - 3 potions of mutation
 i - 2 potions of heal wounds
 j - a potion of enlightenment
 k - 2 potions of might
 o - 2 potions of curing
 s - a potion of lignification {unknown}

Dungeon Overview and Level Annotations

Branches:
Dungeon (10/15)            Temple (1/1) D:5             Orc (0/2) D:10
  Sewer (visited)
   Lair: D:8-11

Altars:
Ashenzari
Cheibriados
Dithmenos
Elyvilon
Fedhas
Gozag
Hepliaklqana
Kikubaaqudgha
Makhleb
Nemelex Xobeh
Okawaru
Qazlal
Ru
Sif Muna
Trog
Uskayaw
Vehumet
Wu Jian
Xom
Yredelemnul
Zin
The Shining One

Shops:
D:1 !   D:6 (


Message History

The shadow is severely damaged.
The shadow slips into darkness.
The shadow flickers and vanishes!
You shoot an arrow. The arrow closely misses the shadow.
The arrow hits the orc skeleton!!
You destroy the orc skeleton!
A two-headed ogre zombie comes into view.
The orc wizard casts a spell.
The orc wizard flickers and vanishes!
The shadow slips into darkness.
The shadow flickers and vanishes!
An orc zombie comes into view.
You shoot an arrow. The arrow barely misses the orc priest.
The arrow hits the orc.
The arrow freezes the orc.
The orc is almost dead.
An orc skeleton comes into view.
You shoot an arrow. The arrow hits the orc priest!
The arrow freezes the orc priest.
You kill the orc priest!
Okawaru accepts your kill.
An orc skeleton comes into view.
An orc zombie comes into view.
The shadow strikes at you from the darkness!
Reactivating autopickup.
You shoot an arrow. The arrow hits the shadow!!
The shadow is severely damaged.
The shadow slips into darkness.
The shadow flickers and vanishes!
Deactivating autopickup; reactivate with Ctrl-A.
You shoot an arrow. Okawaru accepts your kill.
Reactivating autopickup.
You feel a bit more experienced.
The shadow strikes at you from the darkness! x2
An orc skeleton comes into view.
A troll zombie comes into view.
The shadow strikes at you from the darkness!
6745 ||| READING 3 scrolls of teleportation.
As you read the scroll of teleportation, it crumbles to dust.
You feel strangely unstable. The shadow hits you!
You die...

#.#....###....#.#.
######............
#####
#######.#####..
#...####........#
.8
#+#............##
...
#_#.......####.#
Z... #'#.......#
#.# Z....
#...##+#'##
#W#ZO..Z.
######.#.#
#@Wo..Z.. #...#
##WV8.Z.Z #####
#.....Z ......
#..... ..... .....
...8


You could see a two-headed ogre, a vampire, 3 shadows, an orc, a hobgoblin
zombie, 2 orc zombies, a troll zombie and 4 orc skeletons.

Vanquished Creatures
  Maggie (D:7)
  A vampire (D:9)
  A wraith (D:9)
  2 wyverns
  6 yaks
  A steam dragon (D:8)
  2 vampire mosquitoes
  An acid dragon (D:9)
  A two-headed ogre zombie (D:10)
  Pargi (Sewer)
  A water moccasin (D:5)
  2 ice beasts (D:8)
  4 sky beasts
  2 orc warriors
  2 centaurs
  3 ogres (D:5)
  4 phantoms
  3 kobold brigands (D:9)
  A gnoll sergeant (D:7)
  3 bullfrogs
  3 necrophages (D:4)
  A scorpion (D:6)
  A water moccasin zombie (D:4)
  6 killer bees (D:9)
  2 howler monkeys (D:8)
  A troll zombie (D:10)
  6 hounds
  4 jellies
  9 orc priests
  An iron imp (D:4)
  4 iguanas
  2 scorpion zombies (D:4)
  10 orc wizards
  4 ogre zombies (D:10)
  6 gnolls (D:7)
  9 adders
  2 shadow imps (D:7)
  5 white imps
  An ufetubus (D:5)
  An adder zombie (D:4)
  A worm (D:2)
  2 dart slugs
  27 orcs
  7 ball pythons
  8 endoplasms
  4 giant cockroaches
  11 goblins
  14 hobgoblins
  3 jackals (D:3)
  A quokka (D:2)
  7 bats
  7 frilled lizards
  2 goblin skeletons (D:10)
  A goblin zombie (D:10)
  2 hobgoblin zombies (D:10)
  19 kobolds
  2 orc skeletons (D:10)
  9 orc zombies (D:10)
  6 rats
253 creatures vanquished.

Notes
Turn   | Place    | Note
-------+----------+-------------------------------------------
     0 | D:1      | qw the Deep Elf Hunter began the quest for the Orb.
     0 | D:1      | Reached XP level 1. HP: 12/12 MP: 3/3
     0 | D:1      | 0 ||| qw: Version: 0.3-a-9-g12657ce
     0 | D:1      | 0 ||| qw: Game counter: 4140
     0 | D:1      | 0 ||| qw: Always use a shield: true
     0 | D:1      | 0 ||| qw: God list: Okawaru
     0 | D:1      | 0 ||| qw: Allow faded altars: false
     0 | D:1      | 0 ||| qw: Do Orc after D:15 true
     0 | D:1      | 0 ||| qw: Do second Lair branch before Depths: true
     0 | D:1      | 0 ||| qw: Lair rune preference: random
     0 | D:1      | 0 ||| qw: Plans: Normal
     0 | D:1      | 0 ||| PLANNING D:1-11
   124 | D:1      | Reached XP level 2. HP: 16/16 MP: 4/4
   125 | D:1      | Reached skill level 6 in Ranged Weapons
   139 | D:1      | 139 ||| FLEEEEING.
   140 | D:1      | 140 ||| FLEEEEING.
   141 | D:1      | 141 ||| FLEEEEING.
   144 | D:1      | 144 ||| FLEEEEING.
   145 | D:1      | 145 ||| FLEEEEING.
   220 | D:1      | Found Garont's Distillery.
   230 | D:1      | 230 ||| SHOPLISTING potion of heal wounds (60 gold, have
                  | 10).
   733 | D:1      | Reached XP level 3. HP: 20/20 MP: 5/5
   766 | D:1      | 766 ||| UPGRADING to +0 ring mail.
   776 | D:1      | 776 ||| DROPPING +0 leather armour.
   777 | D:1      | 777 ||| UPGRADING to amulet of reflection.
   782 | D:1      | 782 ||| READING scroll labelled WUWNANOETS.
   783 | D:1      | 783 ||| READING scroll labelled EMUVUJU SELEA.
   784 | D:1      | 784 ||| READING 2 scrolls labelled DONOKU VAEROETY.
   785 | D:1      | 785 ||| READING scroll labelled GYVVUT DAARCH.
   789 | D:1      | 789 ||| DROPPING scroll of butterflies.
  1033 | D:2      | Reached skill level 7 in Ranged Weapons
  1133 | D:2      | 1133 ||| SWAPPING to +0 orcbow.
  1134 | D:2      | 1134 ||| DROPPING +0 shortbow.
  1221 | D:2      | Reached XP level 4. HP: 25/25 MP: 6/6
  1385 | D:2      | 1385 ||| READING scroll labelled ONEDECV CUUM.
  1385 | D:2      | Identified a scroll of acquirement
  1385 | D:2      | 1385 ||| ACQUIRING +0 longbow of freezing
  1385 | D:2      | Acquired a +0 longbow of freezing
  1387 | D:2      | 1387 ||| SWAPPING to +0 longbow of freezing.
  1388 | D:2      | 1388 ||| DROPPING +0 orcbow.
  1413 | D:3      | 1413 ||| PLANNING SEWER
  1474 | D:3      | Found a faded altar of an unknown god.
  1626 | D:3      | Found a glowing drain.
  1627 | D:3      | 1627 ||| READING scroll labelled MITUMM HOADOU.
  1628 | D:3      | 1628 ||| DRINKING 2 dark potions.
  1629 | D:3      | 1629 ||| READING 3 scrolls of identify.
  1629 | D:3      | 1629 ||| IDENTIFYING grey potion
  1630 | D:3      | 1630 ||| READING 2 scrolls of identify.
  1630 | D:3      | 1630 ||| IDENTIFYING viscous pink potion
  1631 | D:3      | 1631 ||| DROPPING potion of magic.
  1641 | Sewer    | Entered a sewer
  1651 | Sewer    | 1651 ||| Stepping ~*~*~tactically~*~*~ (water).
  1661 | Sewer    | Noticed Pargi
  1674 | Sewer    | Killed Pargi
  1675 | Sewer    | Reached skill level 9 in Ranged Weapons
  1675 | Sewer    | Reached XP level 5. HP: 16/29 MP: 7/7
  1745 | Sewer    | 1745 ||| Stepping ~*~*~tactically~*~*~ (water).
  1790 | Sewer    | 1790 ||| Stepping ~*~*~tactically~*~*~ (water).
  1887 | Sewer    | 1887 ||| UPGRADING to +0 troll leather armour {Pargi}.
  1897 | Sewer    | 1897 ||| UPGRADING to +1 cloak.
  1902 | Sewer    | 1902 ||| DROPPING +0 ring mail.
  1903 | Sewer    | 1903 ||| READING 2 scrolls labelled GUROCL OGIWN.
  1904 | Sewer    | 1904 ||| READING scroll of enchant weapon.
  1904 | Sewer    | 1904 ||| ENCHANTING +1 longbow of freezing.
  1909 | D:3      | 1909 ||| PLANNING D:1-11
  2221 | D:4      | Reached skill level 3 in Dodging
  2406 | D:4      | Noticed a +0 dagger
  2406 | D:4      | Noticed a +0 falchion
  2407 | D:4      | Noticed a +0 falchion
  2408 | D:4      | Noticed a +0 spear
  2408 | D:4      | Noticed a +0 dagger
  2409 | D:4      | Noticed a +0 short sword
  2409 | D:4      | Noticed a +0 short sword
  2410 | D:4      | Noticed a +0 spear
  2434 | D:4      | Found a hide-covered altar of Uskayaw.
  2532 | D:4      | Found a blossoming altar of Fedhas.
  2563 | D:4      | Found a shadowy altar of Dithmenos.
  2694 | D:4      | Found a snail-covered altar of Cheibriados.
  2697 | D:4      | Reached XP level 6. HP: 35/35 MP: 8/8
  2766 | D:4      | Reached skill level 10 in Ranged Weapons
  2787 | D:4      | Reached XP level 7. HP: 40/40 MP: 9/9
  2787 | D:4      | 2787 ||| UPGRADING to +6 ring of strength.
  2788 | D:4      | 2788 ||| READING scroll labelled KOLUFRO IMYB.
  2789 | D:4      | 2789 ||| READING scroll labelled ZENEF WU XIGH.
  2807 | D:4      | 2807 ||| DRINKING 2 yellow potions.
  2834 | D:5      | Entered Level 5 of the Dungeon
  2950 | D:5      | Reached skill level 11 in Ranged Weapons
  2974 | D:5      | Reached skill level 12 in Ranged Weapons
  2979 | D:5      | 2979 ||| FLEEEEING.
  2981 | D:5      | 2981 ||| FLEEEEING.
  2992 | D:5      | Reached XP level 8. HP: 44/45 MP: 10/10
  3019 | D:5      | Reached skill level 3 in Fighting
  3096 | D:5      | Found a staircase to the Ecumenical Temple.
  3097 | D:5      | 3097 ||| PLANNING TEMPLE
  3097 | D:5      | 3097 ||| DRINKING 2 golden potions.
  3098 | D:5      | 3098 ||| READING 2 scrolls of identify.
  3098 | D:5      | 3098 ||| IDENTIFYING lumpy silvery potion
  3099 | D:5      | 3099 ||| DROPPING potion of brilliance.
  3108 | Temple   | Entered the Ecumenical Temple
  3159 | Temple   | 3159 ||| PLANNING D:1-11
  3335 | D:5      | 3335 ||| UPGRADING to +0 pair of gloves.
  3373 | D:6      | 3373 ||| STAIRDANCE
  3377 | D:5      | Reached skill level 1 in Armour
  3527 | D:6      | 3527 ||| Stepping ~*~*~tactically~*~*~ (outnumbered).
  3530 | D:6      | Reached skill level 13 in Ranged Weapons
  3701 | D:6      | Found Getho's Weapon Boutique.
  3748 | D:6      | Reached skill level 14 in Ranged Weapons
  3844 | D:6      | Reached XP level 9. HP: 50/50 MP: 11/11
  4012 | D:7      | Reached skill level 6 in Dodging
  4053 | D:7      | Found a flagged portal.
  4077 | D:7      | 4077 ||| READING scroll of enchant weapon.
  4077 | D:7      | 4077 ||| ENCHANTING +2 longbow of freezing.
  4194 | D:7      | Noticed Maggie
  4198 | D:7      | Killed Maggie
  4199 | D:7      | Reached skill level 15 in Ranged Weapons
  4286 | D:7      | 4286 ||| FLEEEEING.
  4287 | D:7      | 4287 ||| FLEEEEING.
  4288 | D:7      | 4288 ||| FLEEEEING.
  4289 | D:7      | 4289 ||| FLEEEEING.
  4290 | D:7      | 4290 ||| FLEEEEING.
  4663 | D:7      | 4663 ||| UPGRADING to +0 swamp dragon scales.
  4673 | D:7      | 4673 ||| DROPPING +0 troll leather armour {Pargi}.
  4674 | D:7      | 4674 ||| READING scroll labelled EWOILUU QIAFI.
  4675 | D:7      | 4675 ||| READING scroll labelled XOAMIA ZAVVANG.
  4676 | D:7      | 4676 ||| READING 2 scrolls of identify.
  4676 | D:7      | 4676 ||| IDENTIFYING coppery potion
  4695 | D:8      | 4695 ||| STAIRDANCE
  4747 | D:8      | 4747 ||| STAIRDANCE
  4753 | D:7      | Reached skill level 16 in Ranged Weapons
  4753 | D:7      | Reached XP level 10. HP: 43/56 MP: 12/12
  4799 | D:8      | 4799 ||| STAIRDANCE
  4871 | D:8      | 4871 ||| Stepping ~*~*~tactically~*~*~ (outnumbered).
  4873 | D:8      | 4873 ||| Stepping ~*~*~tactically~*~*~ (outnumbered).
  4899 | D:8      | Found a sacrificial altar of Ru.
  5117 | D:8      | Reached skill level 17 in Ranged Weapons
  5281 | D:8      | Found an ornate altar of the Wu Jian Council.
  5407 | D:8      | 5407 ||| READING scroll labelled ESIKHOG VULYI.
  5408 | D:8      | 5408 ||| DRINKING 2 silvery potions.
  5409 | D:8      | 5409 ||| READING 2 scrolls of identify.
  5409 | D:8      | 5409 ||| IDENTIFYING murky coppery potion
  5410 | D:8      | 5410 ||| DROPPING potion of degeneration.
  5806 | D:9      | 5806 ||| Stepping ~*~*~tactically~*~*~ (outnumbered).
  5808 | D:9      | 5808 ||| Stepping ~*~*~tactically~*~*~ (outnumbered).
  5810 | D:9      | 5810 ||| Stepping ~*~*~tactically~*~*~ (outnumbered).
  6100 | D:9      | Reached skill level 18 in Ranged Weapons
  6466 | D:9      | 6466 ||| UPGRADING to amulet of faith.
  6476 | D:9      | 6476 ||| READING scroll labelled KATEST SOODGH.
  6477 | D:9      | 6477 ||| READING 2 scrolls of identify.
  6477 | D:9      | 6477 ||| IDENTIFYING sedimented cyan potion
  6478 | D:9      | 6478 ||| DROPPING potion of invisibility.
  6502 | D:10     | Entered Level 10 of the Dungeon
  6502 | D:10     | Found an iron altar of Okawaru.
  6502 | D:10     | Found a glowing golden altar of the Shining One.
  6503 | D:10     | 6503 ||| PLANNING OKAWARU WORSHIP
  6506 | D:10     | 6506 ||| STAIRDANCE
  6531 | D:10     | Found an ancient bone altar of Kikubaaqudgha.
  6534 | D:10     | Became a worshipper of Warmaster Okawaru
  6535 | D:10     | 6535 ||| PLANNING D:1-11
  6606 | D:10     | Found a broken altar of Ashenzari.
  6620 | D:10     | Found a staircase to the Orcish Mines.
  6737 | D:10     | Noticed a two-headed ogre
  6744 | D:10     | HP: 2/59 [something (17)]
  6745 | D:10     | 6745 ||| READING 3 scrolls of teleportation.
  6745 | D:10     | Slain by a shadow

Levels and vault maps discovered:
D:1:      dpeg_arrival_triangle_fractal, layout_loops_cross, serial_shops,
          nicolae_shop_statue_plus, amcnicky_mini_corridor_feature
D:2:      layout_basic
D:3:      layout_rooms, portal_sewer_entry_b, basic_ecumenical_altar,
          minmay_misc_feat_ornament, serial_park_tiny_1, wad_floor_pattern_1
D:4:      layout_basic, slow_altar_2, nicolae_uskayaw_en_pointe,
          fedhas_altar_decomposition, nicolae_dithmenos_the_darkroom
D:5:      layout_rooms, temple_fountains, kennysheep_decorative_pillar,
          dreamdust_wishing_well, nrook_loot_triangle
D:6:      layout_basic, serial_shops, nicolae_shop_waterfront
D:7:      layout_loops_ring, enter_bailey_6, uniq_maggie
D:8:      layout_basic, nicolae_ru_great_annihilating_truth,
          nicolae_wu_jian_immortal_techniques
D:9:      layout_basic
D:10:     layout_basic, kennysheep_mini, grunt_temple_overflow_open,
          erik_lair_dragon, zombieorc2_lemuel, chequers_serial_rivers_small_b
Temple:   nicolae_temple_x_marks_the_god

Skill      XL: |  1  2  3  4  5  6  7  8  9 10 |
---------------+-------------------------------+-----
Ranged Weapons | 6 7 9 10 12 14 16 18 | 18.0
Dodging        | 3 4 5 7 |  7.5
Fighting       | 2 3 4 5 |  5.0
Armour         | 1 2 |  2.4
Stealth        | |  1.2

Action                     |  1- 3 |  4- 6 |  7- 9 | 10-12 || total
---------------------------+-------+-------+-------+-------++-------
   Fire: Shortbow          |    85 |       |       |       ||    85
         Orcbow            |    17 |     3 |       |       ||    20
         Longbow           |       |   137 |   239 |   200 ||   576
    Use: Scroll            |     4 |     6 |     7 |     5 ||    22
         Potion            |       |     1 |     2 |     1 ||     4
 Armour: Leather armour    |     7 |       |       |       ||     7
         Ring mail         |     4 |    13 |       |       ||    17
         Troll leather arm |       |     2 |    15 |       ||    17
         Swamp dragon scal |       |       |     3 |    22 ||    25
  Dodge: Dodged            |    18 |    47 |    35 |    62 ||   162
  Block: Other             |     3 |    15 |    14 |    13 ||    45
         Reflection        |       |     2 |       |     2 ||     4

Table legend:
 A = Non-vault XP
 B = Vault XP
 C = Vault XP percentage of total XP
 D = Non-vault monster count
 E = Vault monster count
 F = Vault count percentage of total count
                 A         B        C        D         E       F
            +---------+---------+-------+---------+---------+-------
      Total |    7931 |    1360 |  14.6 |     206 |      47 |  18.6
            +---------+---------+-------+---------+---------+-------
        D:1 |      42 |       0 |   0.0 |      25 |       0 |   0.0
        D:2 |      59 |       0 |   0.0 |      13 |       0 |   0.0
        D:3 |      59 |       6 |   9.2 |      19 |       4 |  17.4
        D:4 |      31 |     454 |  93.6 |      14 |       8 |  36.4
        D:5 |    1081 |       0 |   0.0 |      24 |       0 |   0.0
        D:6 |     933 |       0 |   0.0 |      20 |       0 |   0.0
        D:7 |    2229 |     376 |  14.4 |      35 |       1 |   2.8
        D:8 |    1662 |      41 |   2.4 |      23 |       4 |  14.8
        D:9 |    1582 |       0 |   0.0 |      30 |       0 |   0.0
       D:10 |     253 |     321 |  55.9 |       3 |      22 |  88.0
      Sewer |       0 |     162 | 100.0 |       0 |       8 | 100.0
            +---------+---------+-------+---------+---------+-------
